cohdb
Replays
Latest Replays
All Replays
Popular Replays
Top Player Replays
Match Explorer
How It Works
Community
CoH3 Stats
Reddit
Sign in to upload your games and track your stats! →
Sign in with Steam
Match 42743360
Unlisted
Match 42743360
Overview
Messages
Build Orders
End
Pioneer Squad
Construct Infanterie Kompanie
Selects Terror Battlegroup
MG 42 Machine Gun Team
Grenadier Squad
Grenadier Squad
Grenadier Squad
Infanterie Officer Quarters
Selects Machine Gun Camouflage
Construct Panzergrenadier Kompanie
Pak 40 Anti-tank Gun Team
Medical Bunker
Selects Contempt for the Weak
Construct Panzer Kompanie
Selects Defend the Fatherland
Stoßtruppen Squad
Sturmpanzer IV Brummbär
Selects Propaganda Leaflet Drop
Medical Bunker
Panzer IV Medium Tank
Stoßtruppen Squad
Panzer Officer Quarters
Pioneer Squad
Selects V1 Rocket Strike
Panzer IV Medium Tank
V1 Rocket Strike
Zo͞olo͞oKōbrə
Havoc
HulkSMASH
⚓️Ruby⚓
0
0
Comments
sign in to comment!
No comments posted yet!